 Dungeon Crawl Stone Soup version 0.17-a0-1176-g3d5a0d0 (webtiles) character file.

107993 nuthulu the Bludgeoner (level 16, -55/150 HPs)
             Began as a Minotaur Berserker on May 29, 2015.
             Was the Champion of Trog.
             Killed by Shatter
             ... invoked by Jorgrun
              (89 damage)
             ... on level 3 of the Swamp on May 30, 2015.
             The game lasted 02:19:30 (29079 turns).

nuthulu the Bludgeoner (Minotaur Berserker)        Turns: 29079, Time: 02:19:30

Health: -55/150    AC: 29    Str: 34    XL:     16   Next: 1%
Magic:  6/6        EV:  2    Int: 10    God:    Trog [******]
Gold:   1941       SH:  0    Dex: 16    Spells: 0 memorised, 15 levels left

rFire  + . .     SeeInvis .     R - +12 flail of Disembowelment {crush, Dex+4}
rCold  + . .     Clarity  .     v - +2 plate armour
rNeg   + + +     SustAt   .     u - +1 shield
rPois  ∞         Gourm    .     t - +2 hat
rElec  .         Spirit   .     M - +2 cloak of Fynaqog {+Fly rCorr MP-9 Int+2}
rCorr  +         Warding  +     e - +2 pair of gloves
rMut   .         NoTele   +     z - +1 pair of boots
MR     +....                    S - amulet of warding
Stlth  ..........               r - ring "Socliduci" {*Contam rF+ Str+7}
                                O - ring of the Demon Prince {-Tele rC+ rN+ Int+4}

@: petrified, very slightly contaminated, hasted, somewhat resistant to hostile
enchantments, extremely unstealthy
A: retaliatory headbutt, horns 2
a: Burn Spellbooks, Berserk, Trog's Hand, Brothers in Arms, Renounce Religion,
Evoke Flight


You were on level 3 of the Swamp.
You worshipped Trog.
Trog was exalted by your worship.
You were not hungry.

You visited 4 branches of the dungeon, and saw 28 of its levels.
You also visited: Labyrinth.

You collected 2971 gold pieces.
You spent 1030 gold pieces at shops.

Inventory:

Hand weapons
 I - the +9 mace of the People {flame, Str+3 Dex+6}
   (Trog gifted it to you on level 5 of the Lair of Beasts)

   It has been specially enchanted to burn those struck by it, causing extra
   injury to most foes and up to half again as much damage against particularly
   susceptible opponents.
   It affects your strength (+3).
   It affects your dexterity (+6).
 R - the +12 flail of Disembowelment (weapon) {crush, Dex+4}
   (Trog gifted it to you on level 2 of the Lair of Beasts)

   It inflicts extra damage upon your enemies.
   It affects your dexterity (+4).
 X - a +2 antimagic demon whip
 Y - the +7 flail of the Depths {speed, Int+5 Dex+4}
   (Trog gifted it to you on level 1 of the Swamp)

   Attacks with this weapon are significantly faster.
   It affects your intelligence (+5).
   It affects your dexterity (+4).
Armour
 e - a +2 pair of gloves (worn)
 t - a +2 hat (worn)
 u - a +1 shield (worn)
 v - a +2 plate armour (worn)
 z - a +1 pair of boots (worn)
 M - the +2 cloak of Fynaqog (worn) {+Fly rCorr MP-9 Int+2}
   (You acquired it on level 8 of the Lair of Beasts)

   It affects your intelligence (+2).
   It affects your magic capacity (-9).
   It lets you fly.
   It protects you from acid and corrosion.
Jewellery
 r - the ring "Socliduci" (right hand) {*Contam rF+ Str+7}
   (You found it in a labyrinth)

   [ring of protection from fire]

   It affects your strength (+7).
   It protects you from fire.
   It causes magical contamination when unequipped.
 y - an uncursed amulet of guardian spirit
 K - an uncursed ring of protection from fire
 O - the ring of the Demon Prince (left hand) {-Tele rC+ rN+ Int+4}
   (You found it on level 8 of the Lair of Beasts)

   [ring of positive energy]

   It affects your intelligence (+4).
   It protects you from cold.
   It protects you from negative energy.
   It prevents most forms of teleportation.
 S - an amulet of warding (around neck)
 W - the ring of Robustness {AC+8}
   (You found it in a labyrinth)

   [ring of protection]

   It affects your AC (+8).
 Z - the amulet "Noodubb" {Stasis +Fly}
   (You found it in a labyrinth)

   [amulet of stasis]

   It prevents you from being teleported, slowed, hasted or paralysed.
   It lets you fly.
Magical devices
 h - a wand of flame (37)
 q - a wand of teleportation (2)
 C - a wand of fireball (2)
 F - a wand of draining (7)
 G - a wand of polymorph (14)
 J - a wand of lightning (11)
 N - a wand of hasting (6)
 P - a wand of confusion (16)
 Q - a wand of digging (15)
 T - a wand of frost (26)
Scrolls
 i - 6 scrolls of recharging
 j - 10 scrolls of teleportation
 k - 18 scrolls of remove curse
 m - 2 scrolls of magic mapping
 p - 2 scrolls of summoning
 w - 3 scrolls of fog
 L - 2 scrolls of fear
 V - 2 scrolls of blinking {unknown}
Potions
 a - a potion of berserk rage
 b - a potion of magic
 f - 4 potions of agility
 n - 5 potions of brilliance
 A - a potion of haste
 D - 4 potions of curing
 E - 3 potions of might
 H - 3 potions of resistance
 U - a potion of flight
Comestibles
 c - 11 bread rations
 d - 9 meat rations
 g - 8 fruits
 l - 4 beef jerkies
 o - 5 slices of pizza
 s - 5 royal jellies


   Skills:
 * Level 15.6 Fighting
 * Level 18.9 Maces & Flails
 * Level 13.1 Armour
 + Level 10.3 Dodging
 - Level 0.1 Stealth
 * Level 15.8 Shields
 + Level 0.1 Evocations


You had 15 spell levels left.
You didn't know any spells.

Dungeon Overview and Level Annotations

Branches:
Dungeon (13/15)            Temple (0/1) D:4            Lair (8/8) D:10
  Swamp (3/4) Lair:5        Snake (0/4) Lair:6        Slime (0/6) Lair:8
    Orc (4/4) D:12            Elf (0/3) Orc:3        Vaults (0/5) D:13

Altars:
Ashenzari
Dithmenos
Fedhas
Gozag
Makhleb
Nemelex Xobeh
Qazlal
Ru
Sif Muna
Trog
Yredelemnul
Zin
The Shining One

Shops:
Orc:4 [=!!

Portals:
Hell: Lair:8

Annotations:
Lair:1 1 exclusion
Swamp:3 Jorgrun, Louise


Innate Abilities, Weirdness & Mutations

You reflexively headbutt those who attack you in melee.
You have a pair of horns on your head.


Message History

You continue eating.
Jorgrun points at you and mumbles some strange words.
You are slowing down.
You finish eating.
That bread ration really hit the spot!
Drink which item? (? for menu, Esc to quit)
You feel much better.
Jorgrun splashes around in the water.
Your limbs are stiffening.
Unknown command.
Jorgrun hits your troll with a quarterstaff of crushing!
Louise points at you and mumbles some strange words.
The stone arrow hits your troll.
Your troll dies!
Your troll's corpse disappears in a puff of smoke!
You have turned to stone.
Jorgrun points at you and mumbles some strange words.
Jorgrun mumbles some strange words.
The dungeon rumbles around Jorgrun!
You shudder from the earth-shattering force.
Ouch! That really hurt!
You die...

♣♣...≈≈≈♣≈≈≈(≈≈.≈
♣♣..♣.≈≈≈≈§♣≈≈.≈.≈≈≈≈≈≈≈≈
≈...........≈≈.≈≈.≈≈≈♣≈≈≈≈♣≈≈.
≈≈≈..≈≈♣♣≈..≈≈≈≈♣.≈≈≈≈≈♣≈≈≈≈..
.≈≈...♣♣♣≈....≈≈≈.≈≈≈≈≈≈≈≈≈...
≈≈≈.♣♣♣ ♣♣.≈≈....≈..≈§..≈≈≈.≈.
..≈.♣ ♣♣..≈≈≈≈≈≈≈≈≈≈≈..≈≈≈≈♣
♣≈≈.♣ ♣.≈.≈≈≈≈≈≈≈≈≈≈≈≈.≈≈≈≈.
♣≈≈.♣ ♣♣..≈≈..@..≈≈≈≈≈..≈.≈.
♣≈≈≈♣ ♣♣≈≈≈.≈≈≈.≈@......§..
♣.♣≈♣ ♣.≈§.≈≈≈g≈†≈≈≈....≈.
♣≈.≈♣♣ ♣.≈≈♣≈≈≈≈.≈≈♣♣..≈≈<≈
♣♣...♣♣ ♣≈≈≈≈≈≈≈≈††....≈....
♣♣....♣ ♣.≈≈♣≈≈≈.†≈≈≈≈≈.≈...
♣..≈≈♣♣♣ ♣.≈≈≈≈≈.≈≈≈≈≈≈≈..≈≈≈
♣♣≈≈.≈≈♣♣ ♣≈§≈≈≈≈.≈≈≈≈≈≈≈≈.≈≈≈
♣.≈≈≈≈.♣ ♣.≈.≈≈≈≈≈≈≈≈≈≈≈≈≈.≈≈


You could see Jorgrun and Louise.

Vanquished Creatures
  Gastronok (D:9)
  2 thorn hunters
  Maud (D:10)
  A dire elephant (Lair:8)
  Erolcha (Orc:3)
  A minotaur (Lab)
  Josephine (D:13)
  Fannar (Lair:2)
  12 hydras
  4 alligators
  An ice dragon (Lair:8)
  A ghost crab (Swamp:1)
  A tengu warrior (D:13)
  2 dancing weapons (D:13)
  The ghost of WhatIsLove the Cleaver, an experienced HOGl of Beogh (Orc:2)
  2 orc high priests (Orc:4)
  Sonja (Lair:2)
  5 hill giants
  A spriggan druid (Swamp:2)
  2 swamp dragons
  An unseen horror (D:13)
  5 orc sorcerers (Orc:4)
  3 orc knights
  A hornet (Swamp:1)
  2 ugly things
  2 griffons (Lair:8)
  A sixfirhy (Lair:8)
  2 manticores
  2 wizards
  A cyclops (Orc:4)
  The ghost of Vikmgn the Quickloader, an experienced KoHu of Okawaru (D:7)
  Joseph (D:7)
  15 black mambas
  13 elephants
  A torpor snail (Lair:4)
  23 spiny frogs
  3 centaur skeletons
  5 komodo dragons
  An efreet (D:13)
  2 trolls (D:11)
  4 fire drakes
  A red devil (Lair:8)
  2 blue devils (Lair:8)
  2 giant leeches
  2 minotaur zombies (Lab)
  2 polar bears (Lair:8)
  A hellwing (Lair:8)
  Grinder (D:4)
  3 two-headed ogres (Orc:3)
  16 blink frogs
  A trapdoor spider zombie (D:12)
  12 ravens
  8 slime creatures
  5 bog bodies
  5 wraiths (D:13)
  Sigmund (D:4)
  A shadow (D:11)
  A spriggan (Swamp:1)
  39 yaks
  8 wolves
  2 basilisks
  4 wyverns (Lair:8)
  9 hippogriffs
  A hippogriff (shapeshifter) (D:13)
  2 hungry ghosts
  7 wargs
  13 vampire mosquitoes
  10 swamp worms
  14 porcupines
  Duvessa (D:7)
  20 water moccasins
  16 orc warriors
  5 ice beasts
  3 necrophages
  3 swamp drakes
  3 wasps
  2 sky beasts
  2 spiders (D:8)
  21 ogres
  An eye of draining (D:13)
  6 centaurs
  21 crocodiles
  2 big kobolds
  20 giant frogs
  A wyvern zombie (D:11)
  Dowan (D:7)
  A wyvern skeleton (D:13)
  3 killer bees (D:13)
  3 scorpions
  The ghost of Vikmgn the Ruffian, a weakling DrTm (D:4)
  5 wights (D:9)
  6 jellies
  2 quasits
  7 crimson imps
  3 giant frog zombies
  A gnoll shaman (D:10)
  2 giant frog skeletons
  4 hounds
  18 orc priests
  11 iguanas
  24 orc wizards
  15 worker ants
  Terence (D:3)
  21 sheep
  2 hound zombies
  27 river rats
  A worker ant zombie (D:7)
  9 adders
  4 gnolls
  2 shadow imps
  2 white imps (Lair:8)
  4 oozes
  An adder zombie (D:7)
  2 adder skeletons (D:5)
  A worm (D:3)
  3 giant geckos
  156 orcs
  2 ball pythons
  17 bats
  A bat skeleton (D:6)
  6 giant cockroaches
  26 goblins
  13 hobgoblins
  15 jackals
  27 kobolds
  6 quokkas
  A ball python skeleton (D:5)
  A giant gecko zombie (D:6)
  6 giant newts
  8 rats
  3 briar patches (Swamp:2)
906 creatures vanquished.

Vanquished Creatures (collateral kills)
  Frances (D:12)
  A fire dragon (Lair:8)
  4 hydras (Lair:8)
  A catoblepas (Lair:5)
  An orc high priest (Orc:4)
  A sun demon (Lair:8)
  A swamp dragon (Swamp:3)
  2 orc knights (Orc:4)
  A griffon (Lair:8)
  3 manticores (Lair:8)
  A harpy (Lair:8)
  A spiny frog (Lair:6)
  5 orange demons (Lair:8)
  A black mamba (Lair:5)
  A komodo dragon (Lair:5)
  2 fire drakes (Lair:8)
  3 red devils
  3 slime creatures (Swamp:3)
  3 wyverns (Lair:8)
  3 yaks (D:10)
  4 basilisks
  2 hippogriffs (Lair:8)
  A neqoxec (D:12)
  A water moccasin (Lair:5)
  A hell hound (Lair:8)
  2 orc warriors (Orc:4)
  A centaur (Lair:6)
  A crocodile (Lair:5)
  An orc priest (Orc:4)
  An orc wizard (Orc:4)
  6 gnolls (D:10)
  A shadow imp (D:12)
  3 orcs (D:10)
  2 bats (D:9)
66 creatures vanquished.

Vanquished Creatures (others)
  A troll (Swamp:3)
  A two-headed ogre (Lair:3)
  An orc (Orc:1)
  2 bats (D:9)
  3 fungi
  7 toadstools (Swamp:1)
15 creatures vanquished.

Grand Total: 987 creatures vanquished

Notes
Turn   | Place    | Note
--------------------------------------------------------------
     0 | D:1      | nuthulu the Minotaur Berserker began the quest for the Orb.
     0 | D:1      | Reached XP level 1. HP: 19/19 MP: 0/0
   294 | D:1      | Reached skill level 4 in Maces & Flails
   294 | D:1      | Reached XP level 2. HP: 22/27 MP: 1/1
   706 | D:1      | Acquired Trog's second power
   802 | D:1      | Reached XP level 3. HP: 31/33 MP: 2/2
  1225 | D:2      | Reached XP level 4. HP: 27/41 MP: 3/3
  1654 | D:2      | Reached XP level 5. HP: 42/47 MP: 4/4
  2286 | D:3      | Noticed Terence
  2291 | D:3      | Killed Terence
  2984 | D:4      | Found a staircase to the Ecumenical Temple.
  3011 | D:4      | Noticed Grinder
  3014 | D:4      | Noticed Vikmgn's ghost (weakling DrTm)
  3015 | D:4      | Noticed Sigmund
  3018 | D:4      | Noticed an orc warrior
  3058 | D:4      | Reached skill level 5 in Fighting
  3058 | D:4      | Reached skill level 5 in Maces & Flails
  3058 | D:4      | Reached XP level 6. HP: 16/56 MP: 5/5
  3444 | D:4      | Killed Vikmgn's ghost
  3562 | D:4      | Killed an orc warrior
  3562 | D:4      | Reached skill level 5 in Armour
  3729 | D:4      | Paralysed by Grinder for 2 turns
  3734 | D:4      | Killed Grinder
  3734 | D:4      | Reached XP level 7. HP: 40/61 MP: 6/6
  3850 | D:4      | Reached skill level 6 in Armour
  3857 | D:4      | Acquired Trog's third power
  4012 | D:4      | Reached skill level 5 in Dodging
  4151 | D:4      | Killed Sigmund
  4236 | D:5      | Entered Level 5 of the Dungeon
  4337 | D:5      | Reached XP level 8. HP: 70/70 MP: 7/7
  4754 | D:5      | Reached skill level 7 in Armour
  5012 | D:5      | Found a bloodstained altar of Trog.
  5223 | D:6      | Found a burning altar of Makhleb.
  5229 | D:6      | Found a deep blue altar of Sif Muna.
  5230 | D:6      | Found a shattered altar of Ashenzari.
  6211 | D:6      | Reached skill level 8 in Armour
  6598 | D:7      | Noticed Vikmgn's ghost (experienced KoHu)
  6613 | D:7      | Killed Vikmgn's ghost
  6613 | D:7      | Reached XP level 9. HP: 55/79 MP: 8/8
  6894 | D:7      | Reached skill level 9 in Armour
  7214 | D:7      | Noticed Joseph
  7236 | D:7      | Killed Joseph
  7350 | D:7      | Found a shadowy altar of Dithmenos.
  7723 | D:7      | Noticed Duvessa
  7725 | D:7      | Noticed Dowan
  7750 | D:7      | Killed Duvessa
  7750 | D:7      | Reached skill level 10 in Armour
  7756 | D:7      | Killed Dowan
  8006 | D:8      | Found a sacrificial altar of Ru.
  8052 | D:8      | Found a basalt altar of Yredelemnul.
  8366 | D:8      | Gained mutation: You can translocate small distances at will. [potion of mutation]
  8366 | D:8      | Gained mutation: Armour fits poorly on your strangely shaped body. [potion of mutation]
  8366 | D:8      | Gained mutation: You are frail (-10% HP). [potion of mutation]
  8981 | D:9      | Found a stormy altar of Qazlal.
  8993 | D:9      | Reached XP level 10. HP: 64/79 MP: 9/9
  9004 | D:9      | Found a blossoming altar of Fedhas.
  9295 | D:9      | Found an opulent altar of Gozag.
  9360 | D:9      | Noticed Gastronok
  9386 | D:9      | Killed Gastronok
  9386 | D:9      | Reached skill level 10 in Maces & Flails
  9675 | D:9      | Found a glowing golden altar of the Shining One.
  9956 | D:9      | Found a sparkling altar of Nemelex Xobeh.
  9975 | D:9      | Received a gift from Trog
 10613 | D:10     | Entered Level 10 of the Dungeon
 10643 | D:10     | Reached skill level 11 in Maces & Flails
 10691 | D:10     | Found a staircase to the Lair.
 10723 | D:10     | Noticed Maud
 10737 | D:10     | Killed Maud
 10737 | D:10     | Reached XP level 11. HP: 70/89 MP: 10/10
 10740 | D:10     | Reached skill level 5 in Shields
 11076 | D:10     | Noticed a hill giant
 11089 | D:10     | Killed a hill giant
 11298 | D:10     | Found a glowing silver altar of Zin.
 11553 | Lair:1   | Entered Level 1 of the Lair of Beasts
 11563 | Lair:1   | Reached skill level 10 in Fighting
 12421 | Lair:1   | Reached skill level 12 in Maces & Flails
 12806 | Lair:2   | Noticed Sonja
 13649 | Lair:3   | Noticed an eight-headed hydra
 13659 | Lair:3   | Killed an eight-headed hydra
 13659 | Lair:3   | Reached skill level 13 in Maces & Flails
 13922 | Lair:3   | Noticed a five-headed hydra
 13937 | Lair:3   | Killed a five-headed hydra
 13937 | Lair:3   | Reached XP level 12. HP: 32/99 MP: 11/11
 14840 | Lair:4   | Noticed a five-headed hydra
 14866 | Lair:4   | Killed a five-headed hydra
 15283 | Lair:5   | Found a staircase to the Swamp.
 15380 | Lair:5   | Noticed a catoblepas
 15387 | Lair:5   | Killed a catoblepas
 15806 | Lair:5   | Received a gift from Trog
 15809 | Lair:5   | Got a bloodstained mace {god gift}
 15810 | Lair:5   | Identified the +9 mace of the People {flame, Str+3 Dex+6} (Trog gifted it to you on level 5 of the Lair of Beasts)
 15884 | Lair:5   | Reached skill level 14 in Maces & Flails
 16229 | Lair:6   | Reached skill level 10 in Shields
 16501 | Lair:6   | Noticed an eight-headed hydra
 16511 | Lair:6   | Killed an eight-headed hydra
 16654 | Lair:6   | Found a staircase to the Snake Pit.
 16824 | Lair:6   | Reached XP level 13. HP: 81/107 MP: 12/12
 17251 | Lair:6   | Reached skill level 15 in Maces & Flails
 18685 | Lair:8   | Entered Level 8 of the Lair of Beasts
 19071 | Lair:8   | Received a gift from Trog
 19213 | Lair:8   | Identified a scroll of acquirement
 19216 | Lair:8   | Got a polished cloak
 19217 | Lair:8   | Identified the +2 cloak of Fynaqog {+Fly rCorr MP-9 Int+2} (You acquired it on level 8 of the Lair of Beasts)
 19244 | Lair:8   | Found a blossoming altar of Fedhas.
 19301 | Lair:8   | Reached skill level 16 in Maces & Flails
 19395 | Lair:8   | Found a staircase to the Slime Pits.
 19623 | Lair:8   | Noticed a dire elephant
 19643 | Lair:8   | Killed a dire elephant
 19823 | Lair:8   | Found a burning altar of Makhleb.
 19845 | Lair:8   | Reached XP level 14. HP: 110/116 MP: 4/13
 19865 | Lair:8   | Found a gateway to Hell.
 19873 | Lair:8   | Got a flickering pewter ring
 19880 | Lair:8   | Identified the ring of the Demon Prince {-Tele rC+ rN+ Int+4} (You found it on level 8 of the Lair of Beasts)
 20112 | Lair:8   | Reached skill level 10 in Dodging
 20115 | Lair:8   | Received a gift from Trog
 20808 | Lair:2   | Reached skill level 17 in Maces & Flails
 20880 | Lair:2   | Killed Sonja
 21301 | Lair:2   | Noticed Fannar
 21318 | Lair:2   | Killed Fannar
 21318 | Lair:2   | Received a gift from Trog
 21321 | Lair:2   | Got a jewelled flail {god gift}
 21322 | Lair:2   | Identified the +12 flail of Disembowelment {crush, Dex+4} (Trog gifted it to you on level 2 of the Lair of Beasts)
 21688 | D:11     | You fall through a shaft for 2 floors!
 21910 | D:13     | Found a gate to the Vaults.
 22063 | D:13     | Noticed Josephine
 22083 | D:13     | Killed Josephine
 22235 | D:13     | Found a labyrinth entrance.
 22245 | Lab      | Entered a labyrinth
 22885 | Lab      | Got a brightly glowing ruby amulet
 22886 | Lab      | Identified the amulet "Noodubb" {Stasis +Fly} (You found it in a labyrinth)
 22899 | Lab      | Got a smoking platinum ring
 22900 | Lab      | Identified the ring "Socliduci" {*Contam rF+ Str+7} (You found it in a labyrinth)
 23000 | D:12     | Received a gift from Trog
 23094 | D:12     | Found a staircase to the Orcish Mines.
 23119 | Orc:1    | Entered Level 1 of the Orcish Mines
 23528 | Orc:1    | Found a bloodstained altar of Trog.
 23570 | Orc:2    | Noticed WhatIsLove's ghost (experienced HOGl)
 23590 | Orc:2    | Killed WhatIsLove's ghost
 23671 | Orc:2    | Received a gift from Trog
 24065 | Orc:3    | Found a staircase to the Elven Halls.
 24109 | Orc:3    | Noticed Erolcha
 24110 | Orc:3    | Paralysed by Erolcha for 4 turns
 24117 | Orc:3    | Killed Erolcha
 24117 | Orc:3    | Reached XP level 15. HP: 125/125 MP: 5/14
 24539 | Orc:3    | Received a gift from Trog
 24933 | Orc:4    | Entered Level 4 of the Orcish Mines
 25208 | Orc:4    | Reached skill level 18 in Maces & Flails
 25301 | Orc:4    | Found Motzucsir's Armour Boutique.
 25332 | Orc:4    | Received a gift from Trog
 25339 | Orc:4    | Paralysed by an orc sorcerer for 5 turns
 25345 | Orc:4    | Reached skill level 15 in Fighting
 25353 | Orc:4    | Found Wattocwa's Distillery.
 25676 | Orc:4    | Bought a potion of curing for 45 gold pieces
 25676 | Orc:4    | Bought a potion of curing for 45 gold pieces
 25676 | Orc:4    | Bought a potion of heal wounds for 75 gold pieces
 25676 | Orc:4    | Bought a potion of magic for 120 gold pieces
 25676 | Orc:4    | Bought a potion of haste for 150 gold pieces
 25676 | Orc:4    | Bought a potion of cure mutation for 525 gold pieces
 25676 | Orc:4    | Lost mutation: Armour fits poorly on your strangely shaped body. [potion of cure mutation]
 25676 | Orc:4    | Lost mutation: You can translocate small distances at will. [potion of cure mutation]
 25676 | Orc:4    | Lost mutation: You are frail (-10% HP). [potion of cure mutation]
 25677 | Orc:4    | Found Ugryro Muco's Distillery.
 25722 | Orc:4    | Found Nuopte's Jewellery Boutique.
 25728 | Orc:4    | Bought a potion of heal wounds for 70 gold pieces
 26138 | D:12     | Noticed Frances
 26148 | D:12     | Killed Frances
 26289 | D:11     | Found a deep blue altar of Sif Muna.
 26784 | Swamp:1  | Entered Level 1 of the Swamp
 26834 | Swamp:1  | Reached skill level 15 in Shields
 27262 | Swamp:1  | Noticed a thorn hunter
 27268 | Swamp:1  | Killed a thorn hunter
 27386 | Swamp:1  | Received a gift from Trog
 27389 | Swamp:1  | Got a twisted flail {god gift}
 27390 | Swamp:1  | Identified the +7 flail of the Depths {speed, Int+5 Dex+4} (Trog gifted it to you on level 1 of the Swamp)
 27759 | Swamp:2  | Noticed a thorn hunter
 27777 | Swamp:2  | Killed a thorn hunter
 28233 | Swamp:2  | Upgraded the game from 0.17-a0-1174-ge06b3cc to 0.17-a0-1176-g3d5a0d0
 29030 | Swamp:3  | Noticed Jorgrun
 29032 | Swamp:3  | Noticed Louise
 29051 | Swamp:3  | Reached XP level 16. HP: 87/150 MP: 6/15
 29079 | Swamp:3  | Killed from afar by Jorgrun

Vault maps used:
D:1:      dpeg_arrival_sounds_slurp, grunt_decor_fettered,
          minmay_misc_feat_alley, grunt_decor_one_mirror
D:2:      wad_woods_tower, first_bread, hex_intersection
D:3:      st_stairs_14, kennysheep_nub, uniq_terence
D:4:      minmay_temple_entry_mist, uniq_grinder, uniq_sigmund
D:5:      lemuel_crystal_altar
D:6:      minitemple, st_stairs_11
D:7:      lemuel_coloured_pillars_altar, serial_bayou_pond_e, uniq_joseph,
          uniq_duvessa
D:8:      overflow_temple_1_default, overflow_temple_1_default,
          hangedman_pestilent_swarm, roderic_chinese_pattern_swastika
D:9:      grunt_temple_overflow_forces_of_nature, old_standard_altar,
          nicolae_gozag_cash_rules_everything_around_me,
          nemelex_xobeh_ov_fountains_minmay, uniq_gastronok
D:10:     lair_0_dummy, basic_altar, uniq_maud
D:11:     basic_altar
D:12:     david_orc_3, kennysheep_nondescript, uniq_frances
D:13:     erik_vaults_1, serial_shops, nicolae_shop_crystal, lab_entry_generic,
          uniq_josephine
Lair:1:   serial_bayou_pond_d, beast_lair_carwin_2, infiniplex_staircase_pool_2
Lair:2:   beast_lair_carwin_10, uniq_sonja, uniq_fannar
Lair:5:   swamp_mist_pool, zaba_anthole, minivault_11,
          nicolae_quartered_pool_medium
Lair:6:   minmay_snake_entry_six_corridors, grunt_forest_large_clearing_hut
Lair:7:   grunt_megastairs_4, serial_bayou_shore_b
Lair:8:   evil_forest, nicolae_slime_entry_slimehenge, basic_altar,
          special_room, bobbens_ice_dragon_lair
Swamp:1:  cheibrodos_swamp_tower_of_moss, evilmike_swamp_ruin_house_4
Swamp:2:  evilmike_swamp_ruin_house_2, swamp_pool1, grunt_witch_cave
Swamp:3:  infiniplex_staircase_pool, uniq_jorgrun, uniq_louise, uniq_nikola
Orc:1:    trog_book
Orc:3:    lemuel_ogre_cave, nicolae_orc_pool_cavern, uniq_erolcha
Orc:4:    st_orc_elflike
Lab:      labyrinth_hidden_loot, nicolae_lab_big_swirl, nicolae_lab_statue

Action                   |  1- 3 |  4- 6 |  7- 9 | 10-12 | 13-15 | 16-18 || total
-------------------------+-------+-------+-------+-------+-------+-------++-------
Melee: Mace              |    87 |   155 |   303 |   266 |   512 |       ||  1323
       Flail             |       |       |       |   372 |   858 |     3 ||  1233
Invok: Berserk           |       |     3 |     1 |     5 |     2 |       ||    11
       Burn Spellbooks   |       |       |     1 |     3 |     2 |       ||     6
       Brothers in Arms  |       |       |       |     3 |     7 |     1 ||    11
 Abil: Evoke Flight      |       |       |       |       |     3 |       ||     3
  Use: Scroll            |     7 |     6 |     7 |     9 |    16 |       ||    45
       Potion            |       |     5 |     7 |     7 |     7 |     3 ||    29
 Stab: Distracted        |       |       |       |     2 |     1 |       ||     3
  Eat: Chunk             |     1 |     7 |     9 |    10 |     7 |       ||    34
       Bread ration      |       |     1 |     1 |     1 |     6 |     1 ||    10
       Royal jelly       |       |       |     2 |     5 |     1 |       ||     8
       Meat ration       |       |       |     1 |       |     1 |       ||     2
       Beef jerky        |       |       |       |     2 |       |       ||     2
       Fruit             |       |       |       |     3 |     2 |       ||     5
       Pizza             |       |       |       |     1 |       |       ||     1
